 Dungeon Crawl Stone Soup version 0.29.1-2-gbd0b4ee654 (webtiles) character file.

Game seed: 9255016233201441245

730 raph the Cleaver (level 7, -1/85 HPs)
             Began as a Hill Orc Fighter on Nov 4, 2022.
             Was a Priest of Wu Jian.
             Succumbed to an orc wizard's poison
             ... on level 4 of the Dungeon.
             The game lasted 00:06:39 (4515 turns).

raph the Cleaver (Hill Orc Fighter)                 Turns: 4515, Time: 00:06:39

Health: -1/85      AC: 23    Str: 19    XL:     7   Next: 73%
Magic:  7/7        EV:  2    Int:  8    God:    Wu Jian [***...]
Gold:   150        SH:  0    Dex: 12    Spells: 6/6 levels left

rFire   . . .      SeeInvis .   a - +1 war axe
rCold   . . .      Faith    .   t - +0 kite shield
rNeg    . . .      Spirit   .   (body armour currently unavailable)
rPois   +          Reflect  .   (helmet currently unavailable)
rElec   .          Harm     .   (cloak currently unavailable)
rCorr   +          Rampage  .   (gloves currently unavailable)
Will    .....      NoTele   +   (boots currently unavailable)
Stlth   +.........              (no amulet)
HPRegen 0.24/turn               f - ring of resist corrosion
MPRegen 0.10/turn               (no ring)

@: confused, lethally poisoned (-1 -> -20), tree-form
A: stationary, stasis, torment immunity, boosted hp
a: Renounce Religion, Wall Jump, Serpent's Lash


You were on level 4 of the Dungeon.
You worshipped Wu Jian.
Wu Jian was most pleased with you.
You were a tree.
You visited 1 branch of the dungeon, and saw 4 of its levels.

You collected 150 gold pieces.

Inventory:

Hand Weapons
 a - a +1 war axe (weapon)
 j - a +2 whip of flaming
Missiles
 u - 8 poisoned darts (quivered)
Armour
 b - a +0 scale mail
 c - a +0 buckler
 o - a +0 chain mail (melded)
 r - a +0 helmet (melded)
 t - a +0 kite shield (worn)
Jewellery
 f - a ring of resist corrosion (left branch)
 n - an amulet of regeneration
Wands
 s - a wand of flame (34)
 v - a wand of acid (7)
Scrolls
 g - a scroll of magic mapping
 i - 2 scrolls of butterflies {unknown}
 k - 3 scrolls of identify
 l - 3 scrolls of amnesia
 p - a scroll of immolation {unknown}
Potions
 d - a potion of mutation
 h - a potion of lignification
 m - 2 potions of attraction {unknown}


   Skills:
 - Level 3.6 Fighting
 + Level 11.1 Axes
 - Level 3.2 Armour
 - Level 3.2 Shields


You had 6 spell levels left.
You didn't know any spells.
Your spell library contained the following spells:

 Spells                   Type           Power      Damage    Failure   Level
 Slow                     Hex            0%         N/A       80%         1
 Confusing Touch          Hex            0%         N/A       99%         3
 Ozocubu's Armour         Ice            0%         N/A       99%         3
 Vampiric Draining        Necr           0%         2d6       99%         3
 Ozocubu's Refrigeration  Ice            0%         4d7       100%        7


Dungeon Overview and Level Annotations

Branches:
Dungeon (4/15)
 Temple: D:4-7

Altars:
Wu Jian

Annotations:
D:4 Dowan, Duvessa, Natasha


Message History

The orc hits you but does no damage.
The orc wizard hits you but does no damage.
You are more poisoned.
Something hits you but does no damage.
You miss the orc. You slash Natasha! You barely miss the orc wizard.
You closely miss something.
You feel very sick. Natasha claws you! The orc hits you but does no damage.
The orc wizard hits you but does no damage.
You are more poisoned.
Something hits you but does no damage. The orc attacks as you move away!
The orc hits you but does no damage.
The orc wizard attacks as you move away!
The orc wizard hits you with a +1 dagger of venom.
You are more poisoned.
* * * LOW HITPOINT WARNING * * *
You feel very sick.
Natasha stares at you and mumbles some strange words.
You resist with some effort.
An endoplasm comes into view.
You closely miss the orc wizard.
The orc wizard is lightly wounded.
You miss Natasha. You barely miss the orc.
* * * LOW HITPOINT WARNING * * *
You feel very sick. Natasha claws you but does no damage.
The crimson imp blinks!
The orc wizard hits you but does no damage.
You are more poisoned.
You closely miss the orc. You miss something. You barely miss the orc wizard.
You miss Natasha.
* * * LOW HITPOINT WARNING * * *
You feel very sick. Natasha claws you but does no damage.
The crimson imp blinks!
The orc hits you but does no damage. The orc wizard barely misses you.
Something hits you but does no damage.
Really quaff the potion of lignification?
You turn into a tree.
Your +0 helmet melds into your body.
Your +0 chain mail melds into your body.
Your roots penetrate the ground.
You die...

#.......#
#####.(.....#####
.............#..#
$...............#
...............$#
................#
...............##
......§...h.o.......#
...........o♣.##.....#
................####..#..
...........5.....#####....
..........................
..................J.......
....................#...o
#...................# ...
###................... .
##
##.............[.....o.#


You could see an orc wizard, Natasha, a crimson imp (summoned), an orc and an
endoplasm.

Vanquished Creatures
  Grinder (D:3)
  A black bear (D:3)
  A howler monkey (D:3)
  3 orc priests (D:3)
  Ijyb (D:3)
  Natasha (twice) (D:4)
  An iguana (D:4)
  3 gnolls (D:3)
  9 adders
  2 worms
  2 dart slugs
  14 orcs
  10 endoplasms
  3 giant cockroaches
  8 goblins
  5 hobgoblins
  4 jackals (D:3)
  6 quokkas
  10 ball pythons
  5 bats
  A frilled lizard (D:2)
  7 kobolds
  4 rats
103 creatures vanquished.

Vanquished Creatures (collateral kills)
  A frilled lizard (D:3)
1 creature vanquished.

Grand Total: 104 creatures vanquished

Notes
Turn   | Place    | Note
-------+----------+-------------------------------------------
     0 | D:1      | raph the Hill Orc Fighter began the quest for the Orb.
     0 | D:1      | Reached XP level 1. HP: 19/19 MP: 1/1
    10 | D:1      | Found a faded altar of an unknown god.
    27 | D:1      | Reached skill level 3 in Axes
   146 | D:1      | Prayed at the altar of an unknown god.
   146 | D:1      | Became a worshipper of the Wu Jian Council
   146 | D:1      | Reached * piety under Wu Jian
   280 | D:1      | Reached XP level 2. HP: 26/26 MP: 2/2
   422 | D:1      | Reached skill level 4 in Axes
   763 | D:2      | Reached XP level 3. HP: 31/31 MP: 3/3
   809 | D:2      | Reached ** piety under Wu Jian
   818 | D:2      | Reached skill level 5 in Axes
  1220 | D:2      | Reached XP level 4. HP: 39/39 MP: 4/4
  1593 | D:3      | Noticed Grinder
  1683 | D:3      | Paralysed by Grinder for 5 turns
  1718 | D:3      | Paralysed by Grinder for 3 turns
  1728 | D:3      | Killed Grinder
  1729 | D:3      | Reached skill level 8 in Axes
  1729 | D:3      | Reached XP level 5. HP: 30/45 MP: 5/5
  1729 | D:3      | Reached XP level 6. HP: 34/51 MP: 6/6
  2113 | D:3      | Noticed Ijyb
  2133 | D:3      | Killed Ijyb
  2415 | D:3      | Reached skill level 9 in Axes
  2756 | D:3      | Reached *** piety under Wu Jian
  2891 | D:3      | Reached XP level 7. HP: 57/57 MP: 7/7
  3765 | D:4      | Noticed Natasha
  3767 | D:4      | Killed Natasha
  3776 | D:3      | Reached skill level 10 in Axes
  4168 | D:4      | Noticed Duvessa
  4176 | D:4      | Noticed Dowan
  4447 | D:4      | Noticed Natasha
  4456 | D:4      | Killed Natasha
  4474 | D:4      | Reached skill level 11 in Axes
  4505 | D:4      | Noticed Natasha
  4514 | D:4      | HP: 1/57 [poisoned by an orc wizard]
  4515 | D:4      | Succumbed to an orc wizard's poison

Illustrated notes

Levels and vault maps discovered:
D:1:      dpeg_arrival_shrine, layout_loops_ring, ebering_ecumenical_altar_box
D:2:      layout_loops_ring, minmay_distorted
D:3:      layout_basic, kennysheep_generic_room_15, uniq_grinder, uniq_ijyb
D:4:      layout_cave_pools, doesnt_xom_only_xom,
          nicolae_ru_the_path_less_chosen, uniq_crazy_yiuf_cottage,
          uniq_natasha, uniq_duvessa

Skill      XL: |  1  2  3  4  5  6  7 |
---------------+----------------------+-----
Axes           | 3 4 5 8 9 11 | 11.1
Fighting       | |  3.6
Armour         | |  3.2
Shields        | |  3.2

Action                   |  1- 3 |  4- 6 |  7- 9 || total
-------------------------+-------+-------+-------++-------
Melee: War axe           |    87 |   105 |    97 ||   289
Invok: Lunge             |     7 |     3 |     3 ||    13
       Whirlwind         |    14 |     3 |     8 ||    25
 Abil: Wall Jump         |     1 |     4 |     3 ||     8
  Use: Potion            |       |     3 |     4 ||     7
       Scroll            |       |    10 |       ||    10
Armor: Scale mail        |    33 |       |       ||    33
       Chain mail        |     1 |    52 |    83 ||   136
       Skin              |       |     1 |       ||     1
Dodge: Dodged            |    35 |    23 |    28 ||    86
Block: Buckler           |    11 |    17 |       ||    28
       Kite shield       |       |    24 |    50 ||    74
